 Dungeon Crawl Stone Soup version 0.22-a0-162-g33bf127 (webtiles) character file.

1776 mhoghedin the Skirmisher (level 8, -5/70 HPs)
             Began as a Black Draconian Warper on Feb 12, 2018.
             Was a Believer of Ashenzari.
             Slain by a hornet (6 damage)
             ... on level 7 of the Dungeon.
             The game lasted 00:20:27 (8815 turns).

mhoghedin the Skirmisher (Black Draconian Warper)   Turns: 8815, Time: 00:20:27

Health: -5/70      AC:  9    Str: 13    XL:     8   Next: 81%
Magic:  15/15      EV: 18    Int: 18    God:    Ashenzari [**....]
Gold:   411        SH:  0    Dex: 20    Spells: 3/16 levels left

rFire    + . .     SeeInvis .   l - +1 short sword (freeze)
rCold    + . .     Gourm    .   (no shield)
rNeg     . . .     Faith    +   (armour unavailable)
rPois    +         Spirit   .   (helmet restricted)
rElec    +         Reflect  .   (no cloak)
rCorr    +         Harm     .   t - +2 pair of gloves {Dex+3}
MR       .....                  (no boots)
Stlth    +++.......             e - amulet of faith (curse) {Faith, !P}
HPRegen  0.21/turn              j - +3 ring of intelligence
MPRegen  0.14/turn              (no ring)

@: agile, lethally poisoned (-5 -> -6), resistant, very slightly contaminated
A: breathe lightning, unfitting armour, electricity resistance, cold-blooded, AC
+6
a: Breathe Lightning, Curse Item, Scrying, Renounce Religion


You were on level 7 of the Dungeon.
You worshipped Ashenzari.
Ashenzari was pleased with you.
You were not hungry.

You visited 2 branches of the dungeon, and saw 8 of its levels.

You collected 411 gold pieces.

Inventory:

Hand Weapons
 l - a +1 short sword of freezing (weapon)
   (You found it on level 2 of the Dungeon)
Missiles
 d - 5 tomahawks of dispersal {=f}
 g - 7 tomahawks (quivered)
 u - a throwing net {=f, !d}
Armour
 t - a +2 pair of gloves of dexterity (worn)
   (You found it on level 3 of the Dungeon)
Jewellery
 e - a cursed amulet of faith (around neck) {Faith, !P}
   (You found it on level 1 of the Dungeon)
 j - a +3 ring of intelligence (left hand)
   (You found it on level 5 of the Dungeon)
 q - an uncursed amulet of regeneration {+regen, !d}
   (You found it on level 2 of the Dungeon)
 v - an uncursed ring of fire {rF+, rC-}
   (You found it on level 4 of the Dungeon)
Wands
 z - a wand of enslavement (3)
   (You found it on level 5 of the Dungeon)
Scrolls
 a - a scroll of amnesia
 h - 3 scrolls of immolation {!r}
 y - a scroll of fog {unknown}
 A - 2 scrolls of identify
 C - 2 scrolls of enchant weapon
 D - a scroll of magic mapping {!r}
Potions
 i - 3 potions of might
 n - 2 potions of ambrosia {unknown}
 p - a potion of lignification {!q}
 r - 4 potions of heal wounds {unknown}
 w - a potion of haste {unknown}
 x - a potion of agility
Books
 b - a book of Spatial Translocations
 k - a book of Changes
   (You found it on level 3 of the Dungeon)
Comestibles
 f - 7 rations


   Skills:
 - Level 6.0 Fighting
   Level 4.0 Maces & Flails
 - Level 0.8 Throwing
 - Level 2.1 Dodging
 + Level 5.2 Unarmed Combat
 + Level 4.7 Spellcasting
 - Level 4.4 Translocations
 + Level 4.5 Transmutations
 + Level 1.8 Poison Magic


You had 3 spell levels left.
You knew the following spells:

 Your Spells              Type           Power        Failure   Level  Hunger
a - Shroud of Golubria    Chrm/Tloc      ##........   9%          2    #......
b - Blink                 Tloc           N/A          3%          2    #......
c - Gell's Gravitas       Tloc           ###.......   7%          3    ###....
d - Beastly Appendage     Tmut           ###...       2%          1    None
e - Spider Form           Tmut/Pois      ###.......   11%         3    ###....
s - Sticks to Snakes      Tmut           ###.....     3%          2    #......


Dungeon Overview and Level Annotations

Branches:
Dungeon (7/15)             Temple (1/1) D:4

Altars:
Ashenzari
Cheibriados
Dithmenos
Elyvilon
Fedhas
Gozag
Hepliaklqana
Kikubaaqudgha
Makhleb
Nemelex Xobeh
Okawaru
Qazlal
Ru
Sif Muna
Trog
Uskayaw
Vehumet
Wu Jian
Xom
Yredelemnul
Zin


Innate Abilities, Weirdness & Mutations

You can breathe wild blasts of lightning.
Your glossy black scales are hard. (AC +6)
You cannot fit into any form of body armour.
You are resistant to electric shocks. (rElec)
You are cold-blooded and may be slowed by cold attacks.


Message History

r - Retreat! s - Stop attacking. g - Guard the area. f - Follow me.
Anything else - Cancel.
Gang up on whom?
Aim: a jackal Attack!
The jackal closely misses your sky beast.
Your sky beast hits the jackal.
The jackal dies!
MP restored: 14 The sky beast is no longer charmed.
Aim: a sky beast (chance to defeat MR: 65%)
The sky beast struggles to resist.
The sky beast hits you but does no damage.
Aim: a sky beast (chance to defeat MR: 65%)
The sky beast struggles to resist.
The sky beast misses you.
Aim: a sky beast (chance to defeat MR: 65%)
The sky beast is blasted.
The now-empty wand crumbles to dust.
The sky beast hits you but does no damage.
You hit the sky beast. You freeze the sky beast.
The sky beast hits you but does no damage.
You hit the sky beast. You freeze the sky beast.
The sky beast hits you but does no damage.
You hit the sky beast. You freeze the sky beast.
Your tail-slap misses the sky beast.
The sky beast hits you but does no damage.
You barely miss the sky beast.
The sky beast hits you but does no damage.
You closely miss the sky beast.
The sky beast hits you but does no damage.
You hit the sky beast. You freeze the sky beast.
You kill the sky beast!
MP restored: 15 A two-headed ogre comes into view.
It is wielding a giant club and a dire flail.
The two-headed ogre shouts in stereo!
Okay, then.
Really read
c - 2 scrolls of blinking {!r}? [Y]es or [N]o only, please.
Really read
c - 2 scrolls of blinking {!r}?
Blink to where?
You are very lightly contaminated with residual magic.
As you read the scroll of blinking {!r}, it crumbles to dust.
A hornet comes into view.
The hornet buzzes angrily.
The hornet moves out of view.
You see here an uncursed club.
The hornet stings you but does no damage.
Okay, then.
Aim: a hornet (chance to defeat MR: 37%)
The hornet easily resists.
The hornet barely misses you. x2
Aim: a hornet (chance to defeat MR: 37%)
The hornet easily resists.
The hornet stings you but does no damage.
Aim: a hornet (chance to defeat MR: 37%)
The hornet easily resists.
The hornet stings you but does no damage. x2
Aim: a hornet (chance to defeat MR: 37%)
The hornet easily resists.
The hornet stings you.
You are poisoned.
You suddenly lose the ability to move!
You can move again.
You take 4 damage, and have 28/70 hp.
Really read
c - a scroll of blinking {!r}?
Blink to where?
As you read the scroll of blinking {!r}, it crumbles to dust.
You feel sick.
You take 1 damage, and have 27/70 hp.
Okay, then.
Unknown command.
Okay, then.
Unknown command.
You feel sick.
You take 1 damage, and have 26/70 hp.
You feel sick.
You take 1 damage, and have 25/70 hp.
It was a potion of agility.
You feel agile all of a sudden.
You feel sick.
You feel sick.
The hornet stings you but does no damage. x2
You take 1 damage, and have 24/70 hp.
You feel sick. The hornet stings you!
* * * LOW HITPOINT WARNING * * *
You suddenly lose the ability to move!
The hornet stings you but does no damage.
You can move again.
You take 16 damage, and have 8/70 hp.
MASSIVE DAMAGE!!
The hornet stings you.
* * * LOW HITPOINT WARNING * * *
You feel yourself slow down.
You take 6 damage, and have 2/70 hp.
Unknown command.
Okay, then.
Unknown command.
It was a potion of resistance.
You feel protected.
You feel yourself speed up.
* * * LOW HITPOINT WARNING * * *
You feel sick. The hornet stings you.
You die...

..##O# ### ##### #.# ##.
##.#)###.########...## #.# ###
##..ยง.........#..#..###.######..
#.##.....###.#.###...(.........
##.#.............#......######.#
##.###.....#.#.[....###### #.#
..#####...##.#.################.#
.)).)###.###O...####..<.........#
..##(###.O....#y@....############
.###............###..# .#
#####.#####.## #..# .# #.# #.#
#..# .# #.# #># #..# .# #.# #.#
#..# .#######.# #.# #..##
.........# #.####...# ########.#
#........#


You could see a two-headed ogre and a hornet.

Vanquished Creatures
  Joseph (D:7)
  Duvessa (D:6)
  An ice beast (D:6)
  A sky beast (D:7)
  A killer bee (D:7)
  A big kobold (D:7)
  A bullfrog (D:6)
  Dowan (D:6)
  2 crimson imps
  A bullfrog zombie (D:5)
  3 orc priests
  2 hounds
  A centaur skeleton (D:6)
  7 orc wizards
  An iguana (D:4)
  4 worker ants
  Terence (D:3)
  A killer bee zombie (D:4)
  A hound zombie (D:5)
  A hound skeleton (D:5)
  A worker ant zombie (D:4)
  A howler monkey skeleton (D:4)
  10 adders
  3 shadow imps
  An ooze (D:7)
  An adder skeleton (D:4)
  2 worms
  A dart slug (D:1)
  20 orcs
  3 ball pythons
  3 giant cockroaches
  10 goblins
  8 hobgoblins
  10 jackals
  10 kobolds
  2 quokkas
  7 bats
  8 frilled lizards
  A leopard gecko zombie (D:6)
  A quokka zombie (D:7)
  11 rats
147 creatures vanquished.

Vanquished Creatures (collateral kills)
  A killer bee (D:7)
  A jackal (D:7)
2 creatures vanquished.

Vanquished Creatures (others)
  3 killer bees (D:7)
3 creatures vanquished.

Grand Total: 152 creatures vanquished

Notes
Turn   | Place    | Note
-------+----------+-------------------------------------------
     0 | D:1      | mhoghedin the Draconian Warper began the quest for the Orb.
     0 | D:1      | Reached XP level 1. HP: 17/17 MP: 3/3
   387 | D:1      | Reached XP level 2. HP: 23/25 MP: 5/5
   661 | D:1      | Reached skill level 3 in Fighting
  1170 | D:1      | Reached XP level 3. HP: 29/31 MP: 6/6
  1424 | D:1      | Learned a level 2 spell: Blink
  1427 | D:1      | Learned a level 2 spell: Shroud of Golubria
  1704 | D:2      | Reached skill level 3 in Maces & Flails
  2116 | D:2      | Reached XP level 4. HP: 34/38 MP: 7/7
  2675 | D:3      | Learned a level 3 spell: Gell's Gravitas
  2790 | D:3      | Found a burning altar of Makhleb.
  2812 | D:3      | Found a white marble altar of Elyvilon.
  2924 | D:3      | Reached skill level 4 in Fighting
  2924 | D:3      | Reached XP level 5. HP: 46/46 MP: 8/8
  2976 | D:3      | HP: 5/46 [orc priest/divine providence (12)]
  3116 | D:3      | Reached skill level 4 in Translocations
  3255 | D:3      | Reached skill level 4 in Maces & Flails
  3256 | D:3      | Noticed Terence
  3312 | D:3      | Killed Terence
  3578 | D:4      | Reached XP level 6. HP: 51/53 MP: 9/9
  3736 | D:4      | Found a staircase to the Ecumenical Temple.
  3748 | Temple   | Entered the Ecumenical Temple
  3982 | Temple   | Became a worshipper of Ashenzari the Shackled
  4031 | D:4      | Reached skill level 1 in Unarmed Combat
  4084 | D:4      | Learned a level 1 spell: Beastly Appendage
  4096 | D:4      | Reached skill level 5 in Fighting
  4310 | D:4      | Found a blossoming altar of Fedhas.
  4317 | D:4      | Reached skill level 2 in Unarmed Combat
  4886 | D:5      | Entered Level 5 of the Dungeon
  5185 | D:5      | Your scales start taking on a glossy black colour.
  5185 | D:5      | Reached XP level 7. HP: 28/61 MP: 10/10
  5185 | D:5      | Gained mutation: You are resistant to electric shocks. (rElec) [Black Draconian growth]
  5398 | D:5      | Learned a level 2 spell: Sticks to Snakes
  5539 | D:5      | Reached skill level 1 in Transmutations
  5591 | D:5      | Found a shadowy altar of Dithmenos.
  5798 | D:5      | Reached * piety under Ashenzari
  5838 | D:5      | Reached skill level 3 in Unarmed Combat
  6064 | D:5      | Found an opulent altar of Gozag.
  6388 | D:5      | Found an iron altar of Okawaru.
  6388 | D:5      | Found a faded altar of an unknown god.
  6393 | D:5      | Found a faded altar of an unknown god.
  6395 | D:5      | Found a shimmering altar of Xom.
  6403 | D:5      | Reached skill level 6 in Fighting
  6404 | D:5      | Found a radiant altar of Vehumet.
  6650 | D:6      | Reached skill level 2 in Transmutations
  6847 | D:6      | Noticed Duvessa
  6868 | D:6      | Noticed Dowan
  6873 | D:6      | Killed Duvessa
  6873 | D:6      | Reached skill level 3 in Spellcasting
  6874 | D:6      | Killed Dowan
  7107 | D:6      | Reached XP level 8. HP: 70/70 MP: 11/13
  7406 | D:6      | Reached skill level 3 in Transmutations
  7436 | D:6      | Reached skill level 4 in Unarmed Combat
  8065 | D:7      | Learned a level 3 spell: Spider Form
  8180 | D:7      | HP: 17/70 [bounced beam (2)]
  8180 | D:7      | Reached skill level 4 in Spellcasting
  8180 | D:7      | HP: 6/70 [bounced beam (9)]
  8217 | D:7      | HP: 2/70 [ogre/giant club (18)]
  8620 | D:7      | Reached ** piety under Ashenzari
  8718 | D:7      | Noticed Joseph
  8736 | D:7      | Killed Joseph
  8736 | D:7      | Reached skill level 5 in Unarmed Combat
  8736 | D:7      | Reached skill level 4 in Transmutations
  8736 | D:7      | Reached skill level 1 in Poison Magic
  8771 | D:7      | Noticed a two-headed ogre
  8797 | D:7      | Noticed a hornet
  8803 | D:7      | Paralysed by a hornet for 1 turns
  8812 | D:7      | HP: 8/70 [hornet (16)]
  8812 | D:7      | Paralysed by a hornet for 2 turns
  8814 | D:7      | HP: 2/70 [hornet (6)]
  8815 | D:7      | Slain by a hornet

Vault maps used:
D:1:      saegor_arrival_simple_e
D:3:      nicolae_overflow_hidden_temple, overflow_temple_1_default,
          uniq_terence
D:4:      fedhas_altar_fruit_tree, minmay_temple_entry_statues_pillars
D:5:      nicolae_gozag_seed_capital, chequers_temple_overflow_minitemple,
          first_ration, grunt_dithmenos_shadows
D:6:      uniq_duvessa
D:7:      uniq_joseph
Temple:   eino_temple_water

Skill      XL: |  1  2  3  4  5  6  7  8 |
---------------+-------------------------+-----
Fighting       | 3 4 5 6 |  6.0
Maces & Flails | 3 4 |  4.0
Translocations | 4 |  4.4
Unarmed Combat | 2 3 5 |  5.2
Transmutations | 2 4 |  4.5
Spellcasting   | 3 4 |  4.7
Poison Magic   | 1 |  1.8
Throwing       | |  0.8
Dodging        | |  2.1

Action                   |  1- 3 |  4- 6 |  7- 9 || total
-------------------------+-------+-------+-------++-------
Melee: Mace              |    77 |       |       ||    77
       Tailslap          |     9 |    29 |    23 ||    61
       Short sword       |    63 |   297 |   219 ||   579
       Punch             |       |     2 |     5 ||     7
       Unarmed           |       |       |    26 ||    26
 Cast: Shroud of Golubri |       |     1 |       ||     1
       Spider Form       |       |       |     2 ||     2
Invok: Curse Item        |       |       |     1 ||     1
 Abil: Breathe Lightning |       |       |    10 ||    10
Evoke: Wand              |       |     2 |    20 ||    22
  Use: Potion            |     1 |     1 |     5 ||     7
       Scroll            |     3 |     7 |     2 ||    12
 Stab: Sleeping          |       |     1 |       ||     1
       Distracted        |       |       |     1 ||     1
  Eat: Ration            |     1 |     1 |     3 ||     5
       Chunk             |       |     8 |     4 ||    12
Armor: Skin              |    47 |   118 |   115 ||   280
Dodge: Dodged            |    93 |   219 |   165 ||   477

Table legend:
 A = Spawn XP
 B = Non-spawn XP
 C = Spawn XP percentage of total XP
 D = Spawn monster count
 E = Non-spawn monster count
 F = Spawn count percentage of total count
 G = Total turns spent on level
                    A         B        C        D         E        F      G
               +---------+---------+-------+---------+---------+-------+---------
         Total |       0 |    2538 |   0.0 |       0 |     150 |   0.0 |  8815
               +---------+---------+-------+---------+---------+-------+---------
           D:1 |       0 |      41 |   0.0 |       0 |      26 |   0.0 |  1454
           D:2 |       0 |     124 |   0.0 |       0 |      22 |   0.0 |  1086
           D:3 |       0 |     194 |   0.0 |       0 |      24 |   0.0 |   944
           D:4 |       0 |     327 |   0.0 |       0 |      21 |   0.0 |  1133
           D:5 |       0 |     446 |   0.0 |       0 |      29 |   0.0 |  1628
           D:6 |       0 |     598 |   0.0 |       0 |      10 |   0.0 |  1852
           D:7 |       0 |     808 |   0.0 |       0 |      18 |   0.0 |   449
               +---------+---------+-------+---------+---------+-------+---------

Vault maps used:
D:1:      saegor_arrival_simple_e
D:3:      nicolae_overflow_hidden_temple, overflow_temple_1_default,
          uniq_terence
D:4:      fedhas_altar_fruit_tree, minmay_temple_entry_statues_pillars
D:5:      nicolae_gozag_seed_capital, chequers_temple_overflow_minitemple,
          first_ration, grunt_dithmenos_shadows
D:6:      uniq_duvessa
D:7:      uniq_joseph
Temple:   eino_temple_water

Table legend:
 A = Turns spent in this place as a percentage of turns spent in the entire game.
 B = Non-inter-level travel turns spent in this place as a percentage of non-inter-level travel turns spent in the entire game.
 C = Inter-level travel turns spent in this place as a percentage of turns spent in this place.
 D = Turns resting spent in this place as a percentage of non-inter-level travel turns spent in this place.
 E = Turns spent auto-exploring this place as a percentage of non-inter-level travel turns spent in this place.
 F = Non-inter-level travel turns spent in this place divided by the number of levels of this place that you've seen.
                   A       B       C       D       E      F
               +-------+-------+-------+-------+-------+----------------------
         Total | 100.0 | 100.0 |   3.0 |  27.6 |  51.1 | 1069.2
       Dungeon |  96.9 |  96.9 |   3.1 |  28.5 |  50.2 | 1183.6
        Temple |   3.1 |   3.1 |   0.0 |   0.0 |  78.8 | 269.0
               +-------+-------+-------+-------+-------+----------------------

Table legend:
 A = Kills in this place as a percentage of kills in entire the game.
 B = Kills by you in this place as a percentage of kills by you in the entire game.
 C = Kills by friends in this place as a percentage of kills by friends in the entire game.
 D = Other kills in this place as a percentage of other kills in the entire game.
 E = Experience gained in this place as a percentage of experience gained in the entire game.
 F = Experience gained in this place divided by the number of levels of this place that you have seen.
                   A       B       C       D       E      F
               +-------+-------+-------+-------+-------+----------------------
         Total | 100.0 | 100.0 | 100.0 | 100.0 | 100.0 | 317.2
       Dungeon | 100.0 | 100.0 | 100.0 | 100.0 | 100.0 | 362.6
               +-------+-------+-------+-------+-------+----------------------
